 Dungeon Crawl Stone Soup version 0.31-a0-859-g9dce7d3444 (webtiles) character file.

Game seed: 18172917469310059182

490 Kurtz the Sneak (level 7, -4/63 HPs)
             Began as a Naga Delver on Oct 9, 2023.
             Was an Initiate of Gozag.
             Slain by a gnoll sergeant
             ... wielding a +4 trident of protection
              (7 damage)
             ... on level 6 of the Dungeon.
             The game lasted 00:07:18 (4788 turns).

Kurtz the Sneak (Naga Delver)                       Turns: 4788, Time: 00:07:18

Health: -4/63      AC:  9    Str: 16    XL:     7   Next: 14%
Magic:  0/7        EV:  6    Int: 10    God:    Gozag
Gold:   224        SH:  0    Dex: 19    Spells: 6/6 levels left

rFire   . . .        a - +1 hand axe
rCold   + . .        (no shield)
rNeg    . . .        k - +0 chain mail
rPois   +            e - +1 helmet
rElec   +            (no cloak)
rCorr   +            (no gloves)
SInv    +            (no barding)
Will    +....        u - amulet of guardian spirit
Stlth   +            r - +6 ring of dexterity
HPRegen 0.30/turn    (no ring)
MPRegen 0.10/turn

%: guardian spirit
@: mighty, resistant, enlightened, flying, very slow
A: AC +2, large, see invisible, deformed body, poison resistance, slowness 2,
spit poison 1, naga tail 1, heat vulnerability 1
a: Spit Poison, Renounce Religion, Potion Petition, Call Merchant, Bribe Branch


You were on level 6 of the Dungeon.
You worshipped Gozag.
Gozag was aware of your devotion.
You visited 1 branch of the dungeon, and saw 6 of its levels.

You collected 304 gold pieces.
You paid 80 gold pieces to Gozag.

Inventory:

Hand Weapons
 a - a +1 hand axe (weapon)
 l - a +2 falchion of holy wrath
Missiles
 p - 2 boomerangs (quivered)
Armour
 b - a +0 leather armour
 e - a +1 helmet (worn)
 k - a +0 chain mail (worn)
Jewellery
 r - a +6 ring of dexterity (left hand)
 u - an amulet of guardian spirit (around neck)
Wands
 g - a wand of digging (3)
Scrolls
 c - a scroll of fog
 d - a scroll of revelation
 h - 5 scrolls of identify {unknown}
 v - a scroll of fear
Potions
 i - 2 potions of mutation
 n - a potion of curing


   Skills:
 + Level 3.7 Fighting
 - Level 5.4 Axes
 * Level 3.0 Armour
 * Level 2.5 Dodging
 - Level 7.2 Stealth


You had 6 spell levels left.
You didn't know any spells.
Your spell library contained the following spells:

 Spells                   Type           Power      Damage    Failure   Level
 Apportation              Tloc           0%         N/A       99%         1
 Freeze                   Ice            0%         1d3       99%         1
 Necrotise                Necr           0%         1d4       99%         1
 Summon Small Mammal      Summ           0%         N/A       99%         1
 Poisonous Vapours        Pois/Air       0%         N/A       100%        2
 Frozen Ramparts          Ice            0%         1d1       100%        3
 Hailstorm                Conj/Ice       0%         3d3       100%        3
 Mephitic Cloud           Conj/Pois/Air  0%         N/A       100%        3
 Freezing Cloud           Conj/Ice/Air   0%         6-21      100%        5


Dungeon Overview and Level Annotations

Branches:
Dungeon (6/15)
 Temple: D:4-7

Altars:
Gozag

Annotations:
D:5 exclusion: upstairs, Blork the orc
D:6 2 runed translucent doors, lunkers's ghost, novice MeSh


Innate Abilities, Weirdness & Mutations

Your serpentine skin is tough. (AC +2)
You have supernaturally acute eyesight. (SInv)
Armour fits poorly on your strangely shaped body.
Your system is resistant to poisons. (rPois)
You cover ground very slowly.
You can spit poison.
You have a snake-like lower body.
You are vulnerable to heat. (rF-)


Message History

The gnoll sergeant hits you from afar with a +4 trident of protection.
It was a potion of resistance.
You feel protected.
The gnoll sergeant hits you from afar with a +4 trident of protection!
You have got your breath back.
The gnoll hits you from afar with a +0 spear.
The gnoll sergeant hits you with a +4 trident of protection!
The gnoll hits you from afar with a +0 spear!
You slash the gnoll sergeant!
The gnoll sergeant is almost dead.
The gnoll sergeant barely misses you.
The gnoll hits you from afar with a +0 spear.
You hit the gnoll sergeant but do no damage.
The gnoll sergeant is severely wounded.
The gnoll sergeant hits you with a +4 trident of protection.
The gnoll hits you but does no damage. The gnoll sergeant blocks your attack.
The gnoll sergeant is severely wounded.
The gnoll sergeant hits you with a +4 trident of protection.
* * * LOW HITPOINT WARNING * * *
The gnoll hits you but does no damage.
Unknown command.
The gnoll sergeant blocks your attack.
The gnoll sergeant is severely wounded.
The gnoll sergeant closely misses you.
The gnoll hits you from afar with a +0 spear.
* * * LOW HITPOINT WARNING * * *
Unknown command.
Unknown command.
The gnoll sergeant blocks your attack.
The gnoll sergeant is severely wounded.
The gnoll sergeant hits you with a +4 trident of protection!
* * * LOW HITPOINT WARNING * * *
The gnoll hits you but does no damage.
Unknown command.
It was a potion of mutation.
You feel extremely strange.
You feel vulnerable to heat.
The gnoll sergeant hits you with a +4 trident of protection!
You die...
Your body crumbles into a pile of gold.

#)##.########.#
###~.W#........#
#..~.(#..#.###.#
##..#.+....# #.#
#≈$≈..+...## #.#
#~.⌠~#|.## ##$#
#≈#..#..# #g.#
#.~##### #g## ##
#@# #.# #.# #.#
#.# #.# #.# #.#
#.#


You could see a gnoll sergeant and a gnoll.

Vanquished Creatures
  2 ogres (D:4)
  A scorpion (D:5)
  A hound (D:4)
  An iguana (D:5)
  An orc wizard (D:2)
  5 adders
  4 gnolls
  3 worms
  4 dart slugs
  11 orcs
  4 bats
  8 endoplasms
  4 giant cockroaches
  4 goblins
  2 hobgoblins
  5 jackals (D:1)
  3 quokkas
  7 ball pythons
  4 frilled lizards
  11 kobolds
  3 rats
88 creatures vanquished.

Notes
Turn   | Place    | Note
-------+----------+-------------------------------------------
     0 | D:5      | Kurtz the Naga Delver began the quest for the Orb.
     0 | D:5      | Reached XP level 1. HP: 21/21 MP: 1/1
   111 | D:4      | Noticed an ogre
   369 | D:3      | Reached XP level 2. HP: 21/28 MP: 2/2
   522 | D:3      | Reached XP level 3. HP: 30/34 MP: 3/3
  1506 | D:1      | Reached XP level 4. HP: 41/42 MP: 4/4
  2309 | D:2      | Reached skill level 5 in Axes
  2309 | D:2      | Reached XP level 5. HP: 32/49 MP: 5/5
  2564 | D:2      | Found a faded altar of an unknown god.
  3629 | D:4      | Noticed an ogre
  3908 | D:4      | Killed an ogre
  3909 | D:4      | Reached skill level 1 in Armour
  3909 | D:4      | Reached XP level 6. HP: 56/56 MP: 6/6
  4267 | D:5      | Found an opulent altar of Gozag.
  4305 | D:5      | Became a worshipper of Gozag Ym Sagoz the Greedy
  4326 | D:5      | Reached XP level 7. HP: 55/61 MP: 5/7
  4631 | D:5      | Noticed Blork the orc
  4712 | D:6      | Found a large runed translucent door.
  4713 | D:6      | Found a large runed translucent door.
  4716 | D:6      | Noticed lunkers's ghost (novice MeSh)
  4787 | D:6      | HP: 3/63 [gnoll sergeant/+4 trident of protection (11)]
  4788 | D:6      | Gained mutation: You are vulnerable to heat. (rF-) [potion
                  | of mutation]
  4788 | D:6      | Slain by a gnoll sergeant

Illustrated notes

Levels and vault maps discovered:
D:1:      dpeg_arrival_renting, layout_basic
D:2:      layout_loops_cross, hellmonk_ecumenical_altar_defaced_shrine,
          serial_glass, glass_columns_b, glass_columns_c,
          nicolae_underground_beach
D:3:      layout_basic, minmay_between
D:4:      layout_basic, serial_co_window_serial, co_window_corner_a,
          co_window_corner_a, co_window_corner_a, co_window_paths_b,
          co_window_corner_a, co_window_corner_cb, co_window_cross_2,
          co_window_2corner, co_window_of_opportunity_c, co_window_cross_2,
          co_window_of_opportunity_c, co_window_of_opportunity_b
D:5:      layout_basic, nicolae_gozag_seed_capital,
          nicolae_twisty_statue_hallways, uniq_blork_the_orc, uniq_eustachio
D:6:      layout_loops_ring, nicolae_overflow_hidden_temple,
          minmay_temple_entry_proselytizer, ebering_ghost_disaster_area

Skill      XL: |  1  2  3  4  5  6  7 |
---------------+----------------------+-----
Axes           | 3 4 5 |  5.4
Armour         | 1 2 3 |  3.0
Dodging        | 2 |  2.5
Fighting       | |  3.7
Stealth        | |  7.2

Action                     |  1- 3 |  4- 6 |  7- 9 || total
---------------------------+-------+-------+-------++-------
  Melee: Hand axe          |   110 |   208 |    36 ||   354
         Punch             |     1 |     2 |       ||     3
  Throw: Boomerang         |       |     8 |     2 ||    10
Ability: Spit Poison       |     6 |     7 |     6 ||    19
    Use: Scroll            |     1 |     4 |       ||     5
         Potion            |       |     1 |     6 ||     7
   Stab: Sleeping          |     6 |       |       ||     6
 Armour: Leather armour    |    50 |       |       ||    50
         Chain mail        |    58 |   183 |    44 ||   285
  Dodge: Dodged            |    49 |    50 |    10 ||   109

Table legend: (Time is in decaauts)
 A = Elapsed time spent in this place.
 B = Non-inter-level travel time spent in this place.
 C = Inter-level travel time spent in this place.
 D = Time resting spent in this place.
 E = Time spent auto-exploring this place.
 F = Levels seen in this place.
 G = Mean time per level.
                   A        B        C        D        E       F      G
               +--------+--------+--------+--------+--------+-----+--------+
         Total |   6061 |   5654 |    407 |    790 |   3576 |   6 | 1010.2 |
       Dungeon |   6061 |   5654 |    407 |    790 |   3576 |   6 | 1010.2 |
               +--------+--------+--------+--------+--------+-----+--------+

Top non-repeatable levels by time:
     D:2: 1691 daAuts
     D:4: 1197 daAuts
     D:3: 1168 daAuts
     D:1: 1163 daAuts
     D:5: 643 daAuts
     D:6: 196 daAuts
